[Event "*** Titled Tuesday Blitz"]
[Site "Chess.com"]
[Date "2019.02.05"]
[Round "3"]
[White "TristanCalistri"]
[Black "Mistheoretical"]
[Result "1-0"]
[WhiteElo "2225"]
[BlackElo "2327"]
[TimeControl "180+2"]
[EndTime "13:34:26 PST"]
[Termination "TristanCalistri won by resignation"]

1. e4 e6 2. d4 d5 3. Nd2 Nf6 4. e5 Nfd7 5. c3 c5 6. Bd3 Nc6 7. Ne2 cxd4 8. cxd4 f6 9. Nf4 Nxd4 10. Qh5+ Ke7 11.
exf6+ Nxf6 12. Ng6+ hxg6 13. Qxh8 Kf7 14. Qh4 e5 15.
Nf3 Nxf3+ 16. gxf3 Bf5 17. Bxf5 gxf5 18. Bg5 Qa5+ 19.
Kf1 g6 20. Bxf6 Qa6+ 21. Kg2 Qxf6 22. Qa4 Qg5+ 23. Kf1 Qd8 24. h4 Bd6 25. Qb3 Ke6 26. h5 Qg5 27. Rd1 Rd8 28. Qxd5+ Ke7 29. h6 Bc7 30.
Qc5+ Bd6 31. Qxa7 Rd7 32. h7 e4 33. h8=Q exf3 34. Rh7+ Ke6 35. Qe8+ Re7 36. Rxe7+ Bxe7 37. Qe3+ Qxe3 38. fxe3 1-0

[Event "*** Titled Tuesday Blitz"]
[Site "Chess.com"]
[Date "2019.02.05"]
[Round "3"]
[White "GrandGlacier"]
[Black "BasilSmash"]
[Result "1-0"]
[WhiteElo "2177"]
[BlackElo "2340"]
[TimeControl "180+2"]
[EndTime "13:34:33 PST"]
[Termination "GrandGlacier won by resignation"]

1. e4 c6 2. d4 d5 3. Nd2 dxe4 4. Nxe4 Bf5 5. Ng3 Bg6 6. h4 h6 7. Nf3 e6 8. Ne5 Bh7 9. c3 Nd7 10. Bf4 Ngf6 11. Bd3 Bxd3 12. Qxd3 Nxe5 13. Bxe5 Ng4 14.
Bf4 Be7 15. Qe2 Nf6 16. h5 Qa5 17. O-O O-O 18. Be5 Rfd8 19. a4 c5 20. dxc5 Qxc5 21.
b4 Qc6 22. a5 Rac8 23. Rfd1 a6 24. Kh2 Nd7 25. Bd4 Bf6 26. Ne4 Bxd4 27. Rxd4 Ne5 28. Rad1 Rxd4 29. Rxd4 Qc7 30. g3 Nc6 31. Rd3 Qe5 32. f4 Qb5 33. Nd6 Nd4 34. cxd4 Rc2 35.
Qxc2 Qxh5+ 36. Kg1 1-0

[Event "*** Titled Tuesday Blitz"]
[Site "Chess.com"]
[Date "2019.02.05"]
[Round "3"]
[White "Tolya2"]
[Black "StephenDedalus83"]
[Result "0-1"]
[WhiteElo "2519"]
[BlackElo "2721"]
[TimeControl "180+2"]
[EndTime "13:34:38 PST"]
[Termination "StephenDedalus83 won by resignation"]

1. Nf3 Nf6 2. d4 g6 3. g3 Bg7 4. Bg2 O-O 5. O-O d6 6. b3 c6 7.
Bb2 Qa5 8. h3 Nbd7 9. Nbd2 Re8 10. e4 e5 11. dxe5 Nxe5 12. Nxe5 dxe5 13. Nc4 Qc7 14. Qd6 Qxd6 15. Nxd6 Re6 16. Rfd1 Bf8 17. Nxc8 Rxc8 18. h4 Ree8 19. Kf1 Bc5 20. Bh3 Rcd8 21.
f3 Bd4 22. c3 Bc5 23. Ke2 Nh5 24. b4 Nxg3+ 25. Ke1 Be3 26. Rxd8 Rxd8 27. Bc1 Bxc1 28. Rxc1 Nh5 29. Bf1 Kf8 30. a4 Ke7 31. Rc2 Nf4 32. Bc4 f6 33. Kf2 Rd1 34. a5 h5 35. Bf1 Kd6 36.
b5 cxb5 37. Bxb5 Kc5 38. Be8 Rh1 39. Ke3 Re1+ 40. Kf2 Ra1 41. Rb2 Nd3+ 0-1

[Event "*** Titled Tuesday Blitz"]
[Site "Chess.com"]
[Date "2019.02.05"]
[Round "3"]
[White "Caminator2000"]
[Black "justantan"]
[Result "0-1"]
[WhiteElo "2502"]
[BlackElo "2700"]
[TimeControl "180+2"]
[EndTime "13:34:38 PST"]
[Termination "justantan won by resignation"]

1. d4 d5 2. c4 e6 3. Nf3 a6 4. g3 dxc4 5. a4 c5 6. Bg2 Nc6 7. Be3 Nge7 8. Na3 Nf5 9. dxc5 Qxd1+ 10. Rxd1 Nxe3 11. fxe3 Bxc5 12. Nxc4 Ke7 13. Nd4 Nb4 14. Kf2 Bd7 15. Bxb7 Rab8 16. Bf3 Bxa4 17. b3 Be8 18.
Rc1 f6 19. Rhd1 Bd7 20. Bg4 Rhc8 21. h4 Nd5 22. Na5 Nxe3 23. Kxe3 Bxd4+ 24. Kxd4 Rxc1 25. Rxc1 Rb4+ 26. Rc4 e5+ 27. Kd5 Rxc4 28. Bxd7 Rd4+ 0-1

[Event "*** Titled Tuesday Blitz"]
[Site "Chess.com"]
[Date "2019.02.05"]
[Round "3"]
[White "otrov-11"]
[Black "saikrishnaReturns"]
[Result "0-1"]
[WhiteElo "2303"]
[BlackElo "2622"]
[TimeControl "180+2"]
[EndTime "13:34:40 PST"]
[Termination "saikrishnaReturns won by resignation"]

1. d4 Nf6 2. c4 g6 3. Nc3 Bg7 4. e4 d6 5. f4 O-O 6. Nf3 c5 7. d5 b5 8. cxb5 a6 9. bxa6 Bxa6 10.
Bxa6 Nxa6 11. O-O Qa5 12. Re1 Rfb8 13. e5 Nd7 14. Qe2 Nb4 15. e6 Nb6 16. exf7+ Kh8 17.
f5 N4xd5 18. Nxd5 Nxd5 19. fxg6 hxg6 20. Bd2 Rxb2 21. Qe4 Rxd2 22. Nxd2 Bxa1 23. Qxd5 Bd4+ 24. Kh1 Rf8 25. Nf3 Bf6 26. h4 Kg7 27. Rf1 Qb5 28. Rf2 Rxf7 29. Ng5 Qb1+ 30. Kh2 Be5+ 31. Kh3 Rxf2 32. Ne6+ Kf6 0-1

[Event "*** Titled Tuesday Blitz"]
[Site "Chess.com"]
[Date "2019.02.05"]
[Round "3"]
[White "Witaliss"]
[Black "pultineviciuspaulius"]
[Result "0-1"]
[WhiteElo "2371"]
[BlackElo "2634"]
[TimeControl "180+2"]
[EndTime "13:34:41 PST"]
[Termination "pultineviciuspaulius won by resignation"]

1. d4 Nf6 2. Nf3 g6 3. Bf4 Bg7 4. e3 O-O 5. h3 c5 6. c3 cxd4 7. cxd4 d6 8. Nc3 Be6 9. d5 Bc8 10. Bc4 Nbd7 11. O-O Nb6 12. Bb3 Bd7 13. Re1 Rc8 14.
Rc1 Nc4 15. Qe2 b5 16. Nd4 a6 17. Red1 Qb6 18. a4 Na5 19. axb5 axb5 20. Ba2 b4 21.
Ncb5 b3 22. Bb1 Nxd5 23. Bg5 e5 24. Rxc8 Rxc8 25. Nxd6 Qxd6 26. Nf3 Qe6 27. Qd2 Rc5 28. e4 Nb6 29. Be3 Nac4 30. Qb4 Nxe3 31. fxe3 Rb5 32. Qc3 h6 33. Bd3 Na4 34. Qc7 Rc5 35. Qd8+ Kh7 36. Bf1 Nb6 0-1

[Event "*** Titled Tuesday Blitz"]
[Site "Chess.com"]
[Date "2019.02.05"]
[Round "3"]
[White "Bauxi435"]
[Black "Zarikovs1999"]
[Result "1-0"]
[WhiteElo "2446"]
[BlackElo "2315"]
[TimeControl "180+2"]
[EndTime "13:34:44 PST"]
[Termination "Bauxi435 won on time"]

1. d4 Nf6 2. c4 c5 3. d5 b5 4. cxb5 a6 5. bxa6 g6 6. Nc3 Bg7 7. a7 Rxa7 8. e4 d6 9. Nf3 O-O 10. Be2 Ba6 11. O-O Bxe2 12. Qxe2 Na6 13. a4 Qb6 14. Bd2 Nd7 15. Nb5 Raa8 16. Rac1 Nc7 17. Nxc7 Qxc7 18. b3 Rfb8 19. Qd3 Rb7 20. a5 Nb8 21. b4 Qd7 22. bxc5 dxc5 23. Rxc5 Na6 24. Rc6 Nc7 25. Rfc1 Nb5 26. a6 Rbb8 27. Be3 Nd6 28. Rc7 Qd8 29. Nd4 Bxd4 30. Bxd4 Nb5 31. R7c6 Nxd4 32. Qxd4 Qa5 33. h4 Rxa6 34. Rc8+ 1-0

[Event "*** Titled Tuesday Blitz"]
[Site "Chess.com"]
[Date "2019.02.05"]
[Round "3"]
[White "MehdiHosseinipour"]
[Black "Anar_Aliakbarov"]
[Result "1-0"]
[WhiteElo "2530"]
[BlackElo "2470"]
[TimeControl "180+2"]
[EndTime "13:34:45 PST"]
[Termination "MehdiHosseinipour won by resignation"]

1. e4 e5 2. Nf3 Nf6 3. Nxe5 d6 4. Nf3 Nxe4 5. Nc3 Nxc3 6. dxc3 Be7 7. Be3 O-O 8. Qd2 Nd7 9. O-O-O Ne5 10. h4 c6 11.
Nxe5 dxe5 12. Bd3 Qa5 13. Kb1 Be6 14. c4 Qxd2 15. Bxd2 Bc5 16. f3 Rad8 17. Rde1 Bxc4 18. Bg5 Rxd3 19. cxd3 Bxd3+ 20. Kc1 f6 21. Be3 Bb4 22. Bd2 Bc5 23. Be3 Be7 24. Rd1 Bc4 25.
Rd7 Kf7 26. Bc5 Re8 27. b3 Ba6 28. Rhd1 Ke6 29. Bxe7 Rxe7 30. Rd8 g6 31. g4 Be2 32.
R1d6+ Kf7 33. g5 f5 34. Rf6+ Kg7 35. Rff8 h5 36. Rg8+ Kh7 37. Rge8 Rf7 38. Rh8+ 1-0

[Event "*** Titled Tuesday Blitz"]
[Site "Chess.com"]
[Date "2019.02.05"]
[Round "3"]
[White "Iyael"]
[Black "CzechmVIII"]
[Result "0-1"]
[WhiteElo "2002"]
[BlackElo "2124"]
[TimeControl "180+2"]
[EndTime "13:34:46 PST"]
[Termination "CzechmVIII won by resignation"]

1. e4 c5 2. c3 d5 3. exd5 Nf6 4.
Bb5+ Nbd7 5. Be2 Nxd5 6. d4 e6 7. Nf3 Be7 8. O-O O-O 9. c4 N5f6 10. Nc3 cxd4 11. Nxd4 Nc5 12. Bg5 Nce4 13. Nxe4 Nxe4 14. Bxe7 Qxe7 15. Qc2 Nf6 16. Bf3 e5 17. Nf5 Bxf5 18. Qxf5 Rac8 19. b3 b6 20. Rfe1 Rfe8 21. Rad1 Qc5 22.
Bd5 Qa3 23. Rxe5 Rxe5 24. Qxc8+ Re8 25. Qc7 Rf8 26. h3 Qxa2 27. Rd3 Qb1+ 28. Kh2 Qxd3 29. b4 Nxd5 30. cxd5 Qxd5 31. Qxa7 Qd6+ 32. g3 Qxb4 33. h4 Qc5 34. Kg2 h5 35. Qd7 g6 36. Qd3 Rc8 37.
Qd2 b5 38. Qe2 b4 39. Qd3 Qc6+ 40. Kh2 Qc4 41. Qe3 Qc5 42. Qf3 Qc3 0-1

[Event "*** Titled Tuesday Blitz"]
[Site "Chess.com"]
[Date "2019.02.05"]
[Round "3"]
[White "RiskyDecision"]
[Black "SantoBlue"]
[Result "0-1"]
[WhiteElo "2417"]
[BlackElo "2724"]
[TimeControl "180+2"]
[EndTime "13:34:51 PST"]
[Termination "SantoBlue won by resignation"]

1. d4 Nf6 2. c4 e6 3. g3 Bb4+ 4. Bd2 Bxd2+ 5. Qxd2 O-O 6. Nc3 d5 7. Bg2 c6 8. Nf3 Nbd7 9. Qd3 b6 10. cxd5 exd5 11.
O-O a5 12. Qc2 Re8 13. a3 Ba6 14. b4 Bc4 15. Nd2 Bxe2 16. Nxe2 Rxe2 17. Rfe1 Rxe1+ 18. Rxe1 axb4 19. axb4 Rc8 20. Bh3 g6 21. Nf3 c5 22.
Ne5 cxd4 23. Qd3 Nxe5 24. Rxe5 Rc4 25. b5 Qd6 26. Re2 Kg7 27. Kg2 Qc5 28. Ra2 Rc3 29.
Qd2 Qxb5 30. Qxd4 Rc1 31. g4 Qb1 32. Ra7 Rg1+ 33. Kf3 Qe4+ 34. Qxe4 dxe4+ 35. Kf4 h6 36. Rb7 g5+ 37. Kf5 Rh1 38. Bg2 Rxh2 39. Bf1 Rxf2+ 40.
Ke5 Rxf1 41. Rxb6 Nd7+ 0-1

[Event "*** Titled Tuesday Blitz"]
[Site "Chess.com"]
[Date "2019.02.05"]
[Round "3"]
[White "Entilza"]
[Black "aquaticpineapples"]
[Result "1/2-1/2"]
[WhiteElo "2197"]
[BlackElo "2105"]
[TimeControl "180+2"]
[EndTime "13:34:51 PST"]
[Termination "Game drawn by repetition"]

1. d4 d5 2. c4 e6 3. Nc3 Nf6 4. Nf3 Be7 5. Bf4 O-O 6. e3 a6 7. Rc1 c6 8. a3 b5 9. c5 a5 10.
Bd3 b4 11. Na4 Ba6 12. Nb6 Ra7 13. O-O Nfd7 14. Nxd7 Qxd7 15. Ne5 Qb7 16. Qa4 Bxd3 17. Nxd3 bxa3 18. bxa3 Nd7 19. Rb1 Qa6 20. Rb3 Qc4 21.
Nb2 Qxa4 22. Nxa4 e5 23. Bg3 exd4 24. exd4 Bf6 25. Rd1 g6 26. Bd6 Re8 27. Kf1 Re4 28.
Nb6 Rxd4 29. Re1 Kg7 30. Nc8 Ra8 31. Nb6 Ra7 32. Nc8 Ra8 33. Nb6 Ra7 1/2-1/2

[Event "*** Titled Tuesday Blitz"]
[Site "Chess.com"]
[Date "2019.02.05"]
[Round "3"]
[White "Zaven_ChessMood"]
[Black "iLuusions"]
[Result "1-0"]
[WhiteElo "2870"]
[BlackElo "2633"]
[TimeControl "180+2"]
[EndTime "13:34:52 PST"]
[Termination "Zaven_ChessMood won by resignation"]

1. e4 e6 2. d3 d5 3. Nd2 c5 4. Ngf3 Nc6 5. g3 Nf6 6. Bg2 Be7 7. O-O O-O 8. Re1 Qc7 9. Qe2 b5 10. e5 Nd7 11. Nf1 Re8 12. h4 Bb7 13. h5 h6 14.
N1h2 Rac8 15. Bf4 Nd4 16. Nxd4 cxd4 17. Rac1 Qa5 18. a3 b4 19. axb4 Qxb4 20. b3 a5 21. Qg4 Kh7 22. Nf3 a4 23. Bd2 Qa3 24. bxa4 Qxa4 25.
Nxd4 Bc5 26. c3 Bxd4 27. cxd4 Rxc1 28. Rxc1 Nxe5 29. Qe2 Nc6 30. Be3 Nxd4 31. Qb2 Nb5 32. Ra1 Qg4 33. Qxb5 Re7 34. Bc5 Rc7 35. Bd6 Qd4 36. Rb1 Bc6 37. Qa6 Bb7 38. Rxb7 Rc1+ 39.
Bf1 Qf6 40. d4 1-0

[Event "*** Titled Tuesday Blitz"]
[Site "Chess.com"]
[Date "2019.02.05"]
[Round "3"]
[White "murmah2003"]
[Black "Indianlad"]
[Result "0-1"]
[WhiteElo "2666"]
[BlackElo "2925"]
[TimeControl "180+2"]
[EndTime "13:34:53 PST"]
[Termination "Indianlad won by resignation"]

1. d4 Nf6 2. c4 e6 3. Nf3 b6 4. g3 Ba6 5. b3 d5 6. Bg2 Bb4+ 7. Bd2 Bd6 8. O-O O-O 9. Bc3 Nbd7 10. Nbd2 Rc8 11. Re1 c5 12. e4 cxd4 13. Bxd4 e5 14.
Bb2 d4 15. Bxd4 exd4 16. e5 Nc5 17. Qc2 d3 18. Qb2 Be7 19. exf6 Bxf6 20. Ne5 Nd7 21. f4 b5 22. Qa3 Nxe5 23. fxe5 Bxe5 24. Rad1 Qb6+ 25. Kh1 b4 26. Qa4 Bc3 27. Rf1 Bb7 28. Nf3 Bc6 29. c5 Qxc5 30. Qa6 Bb5 31. Qb7 d2 32.
Qe4 Bxf1 33. Bxf1 Rce8 34. Qg4 Re1 0-1

[Event "*** Titled Tuesday Blitz"]
[Site "Chess.com"]
[Date "2019.02.05"]
[Round "3"]
[White "INLOVEWITHF"]
[Black "Hieronymus00"]
[Result "1-0"]
[WhiteElo "2276"]
[BlackElo "2171"]
[TimeControl "180+2"]
[EndTime "13:34:53 PST"]
[Termination "INLOVEWITHF won by resignation"]

1. e4 e5 2. Nf3 Nc6 3. Bb5 a6 4. Ba4 Nf6 5. O-O Bc5 6. c3 b5 7. Bc2 d5 8. d4 dxe4 9. Nxe5 Nxe5 10. dxe5 Qxd1 11. Rxd1 Ng4 12. Bxe4 Rb8 13. Rf1 Nxe5 14. Bf4 f6 15. Re1 O-O 16. Nd2 Ng4 17. Re2 Bb6 18. h3 Ne5 19. Bd5+ Kh8 20. Bxe5 fxe5 21. Nf3 Bf5 22.
Nxe5 h6 23. Nf3 Rbd8 24. Be4 Be6 25. Ne5 Rf6 26. Rae1 Bxa2 27. Bc2 Kg8 28. Ng6 Bc5 29.
b3 Rdf8 30. Nxf8 Kxf8 31. Ra1 1-0

[Event "*** Titled Tuesday Blitz"]
[Site "Chess.com"]
[Date "2019.02.05"]
[Round "3"]
[White "GremioPrudente"]
[Black "Bigfish1995"]
[Result "0-1"]
[WhiteElo "2075"]
[BlackElo "2955"]
[TimeControl "180+2"]
[EndTime "13:34:54 PST"]
[Termination "Bigfish1995 won on time"]

1. Nf3 Nf6 2. c4 e6 3. d4 d5 4.
Nc3 c6 5. e3 Nbd7 6. Bd3 dxc4 7. Bxc4 b5 8. Be2 Bb7 9. O-O Be7 10. Qc2 O-O 11. Rd1 Qb8 12. h3 a6 13. b3 c5 14. Bb2 Rc8 15. dxc5 Nxc5 16. Qd2 b4 17.
Na4 Nxa4 18. bxa4 Ne4 19. Qe1 Nc3 20. Bxc3 bxc3 21. Rdc1 Qc7 22. Nd4 Ba3 23. Rc2 e5 24. Nb3 Be4 25. Rac1 Bxc1 26. Rxc1 c2 27. Qd2 Rd8 28.
Qe1 Rac8 29. f3 Bd3 30. Bxd3 Rxd3 31. e4 Qc3 32. Qxc3 Rcxc3 33. Kf2 Rd1 0-1

[Event "*** Titled Tuesday Blitz"]
[Site "Chess.com"]
[Date "2019.02.05"]
[Round "3"]
[White "2165149677570"]
[Black "jcibarra"]
[Result "0-1"]
[WhiteElo "2298"]
[BlackElo "2704"]
[TimeControl "180+2"]
[EndTime "13:34:55 PST"]
[Termination "jcibarra won by resignation"]

1. e4 c5 2. Nf3 e6 3. d4 cxd4 4. Nxd4 Bc5 5. Nb3 Bb6 6. a4 Ne7 7. a5 Bc7 8. Nc3 a6 9. g3 Nbc6 10. Qg4 O-O 11. h4 f5 12. exf5 Nxf5 13. Bg5 Qe8 14.
Bd3 d5 15. O-O h6 16. Bd2 Ne5 17. Qe2 Nxh4 18. gxh4 Nf3+ 19. Kg2 Nxh4+ 20. Kh1 Nf3 21. Kg2 e5 22. Rh1 e4 23. Nxe4 Bg4 24. Nf6+ Rxf6 25.
Qxe8+ Rxe8 26. Bc3 d4 27. Nxd4 Nxd4 28. Bxd4 Bf3+ 29. Kg1 Rf4 30. Be3 Rg4+ 0-1

[Event "*** Titled Tuesday Blitz"]
[Site "Chess.com"]
[Date "2019.02.05"]
[Round "3"]
[White "xLuring1"]
[Black "Fivetrick"]
[Result "1-0"]
[WhiteElo "2321"]
[BlackElo "2563"]
[TimeControl "180+2"]
[EndTime "13:34:58 PST"]
[Termination "xLuring1 won on time"]

1. e4 c5 2. Nf3 d6 3. d4 cxd4 4. Nxd4 Nf6 5. f3 a6 6. c4 e6 7. Nc3 Be7 8. Be3 O-O 9. Qd2 Qc7 10.
Rc1 b6 11. Be2 Bb7 12. O-O Nc6 13. Rfd1 Nxd4 14. Bxd4 Rac8 15. Kh1 Ba8 16. Bf1 Rfd8 17. Qf2 Nd7 18. b3 Qb8 19. Na4 b5 20. Nb6 Nxb6 21. Bxb6 Rd7 22. cxb5 Rxc1 23. Rxc1 Rb7 24. Rc6 axb5 25.
Qc2 Qe8 26. Rc8 1-0

[Event "*** Titled Tuesday Blitz"]
[Site "Chess.com"]
[Date "2019.02.05"]
[Round "3"]
[White "igorkovalenko"]
[Black "Pilopa"]
[Result "0-1"]
[WhiteElo "2852"]
[BlackElo "2476"]
[TimeControl "180+2"]
[EndTime "13:34:59 PST"]
[Termination "Pilopa won by resignation"]

1. d4 Nf6 2. Nf3 g6 3. g3 Bg7 4. Bg2 O-O 5. O-O d5 6. a4 a5 7. Bf4 c6 8. Nbd2 Bf5 9. c4 Na6 10. Be5 Nb4 11. Rc1 Qb6 12. Qb3 Be6 13. e3 Qa6 14. Ng5 Bf5 15. cxd5 cxd5 16. Rc3 Rfc8 17. Rfc1 h6 18. Bf1 Qb6 19. Ngf3 Ne4 20. Nxe4 dxe4 21.
Bxg7 exf3 22. Bxh6 Be6 23. Qd1 Rxc3 24. bxc3 Na2 25.
Rb1 Nxc3 26. Rxb6 Nxd1 27. Rxb7 Nc3 28. h3 Nxa4 29. e4 Nc3 30. d5 Bc8 31. Rxe7 a4 32. Bg5 Kg7 33. Be3 Ne2+ 34. Kh2 a3 35. e5 a2 36. e6 a1=Q 37. Rxf7+ Kg8 38. Rxf3 Qxf1 0-1

[Event "*** Titled Tuesday Blitz"]
[Site "Chess.com"]
[Date "2019.02.05"]
[Round "3"]
[White "schoolmeester"]
[Black "Zq1"]
[Result "1-0"]
[WhiteElo "2725"]
[BlackElo "2520"]
[TimeControl "180+2"]
[EndTime "13:35:02 PST"]
[Termination "schoolmeester won by resignation"]

1. d4 Nf6 2. c4 a6 3. Nc3 c5 4. d5 b5 5. f3 b4 6. Na4 d6 7.
e4 Bd7 8. a3 a5 9. Bd3 Na6 10. f4 g6 11. e5 Ng8 12. Nf3 Bg7 13.
O-O Nh6 14. Ng5 O-O 15. e6 fxe6 16. dxe6 Bxa4 17. Qxa4 bxa3 18. Rxa3 Nb4 19. Be4 Ra7 20. Rh3 Qe8 21. Qd1 a4 22. Rh4 Nc6 23. Rf3 Nd4 24. Rfh3 Ndf5 25. Bxf5 Rxf5 26. Rxh6 Bxh6 27. Rxh6 Qf8 28.
Rxh7 Rxg5 29. Rf7 Qc8 30. fxg5 Qxe6 31. Rf4 a3 32. bxa3 Rb7 33. Qc2 Rb8 34. h3 1-0

[Event "*** Titled Tuesday Blitz"]
[Site "Chess.com"]
[Date "2019.02.05"]
[Round "3"]
[White "Artur0208"]
[Black "jncool68"]
[Result "1-0"]
[WhiteElo "2647"]
[BlackElo "2534"]
[TimeControl "180+2"]
[EndTime "13:35:04 PST"]
[Termination "Artur0208 won by resignation"]

1. d4 Nf6 2. c4 e6 3. Nf3 Bb4+ 4. Bd2 Qe7 5. g3 Bxd2+ 6. Qxd2 O-O 7. Nc3 d5 8. Bg2 Nc6 9. O-O dxc4 10. e3 Rd8 11.
Qe2 e5 12. dxe5 Nxe5 13. Nxe5 Qxe5 14. Qxc4 c6 15. Qb3 Qc7 16. Rad1 Be6 17. Qa3 Qb6 18. Na4 Qa5 19. b3 Bg4 20. Rxd8+ Rxd8 21. Qe7 Rd7 22. Qc5 Qd2 23. Qxa7 Be2 24. Ra1 h5 25. Qb8+ Rd8 26. Qxb7 Ng4 27. Qxc6 Qd1+ 28. Rxd1 Rxd1+ 29. Bf1 Rxf1+ 30. Kg2 Rxf2+ 31. Kg1 Rf1+ 32. Kg2 Nxe3+ 33. Kh3 Bg4+ 34. Kh4 Nf5+ 35. Kg5 f6+ 36. Qxf6 Ne7 37. Qxf1 1-0

[Event "*** Titled Tuesday Blitz"]
[Site "Chess.com"]
[Date "2019.02.05"]
[Round "3"]
[White "tteshan"]
[Black "sandager"]
[Result "0-1"]
[WhiteElo "2124"]
[BlackElo "2133"]
[TimeControl "180+2"]
[EndTime "13:35:04 PST"]
[Termination "sandager won by checkmate"]

1. Nf3 Nf6 2. d4 g6 3. c4 Bg7 4. Nc3 d5 5. cxd5 Nxd5 6. Nxd5 Qxd5 7. Bf4 c5 8. e3 O-O 9. Be2 Nc6 10. dxc5 Qxc5 11.
Qb3 Qa5+ 12. Nd2 Rd8 13. Rd1 e5 14. Bg5 Rd6 15. e4 Be6 16. Qc2 Nd4 17. Qc3 Qxa2 18.
Bc4 Bxc4 19. Nxc4 Rc8 20. Qa3 Qxc4 21. Rd2 Ra6 22. Qe7 Nc2+ 23. Kd1 Nd4 24. Qe8+ Rxe8 25. Rxd4 Qxd4+ 26. Kc2 Rc8+ 27. Kb3 Rb6+ 28. Ka3 Qxb2+ 29. Ka4 Qb4# 0-1

[Event "*** Titled Tuesday Blitz"]
[Site "Chess.com"]
[Date "2019.02.05"]
[Round "3"]
[White "arctic_t00"]
[Black "Muisback26"]
[Result "0-1"]
[WhiteElo "2374"]
[BlackElo "2857"]
[TimeControl "180+2"]
[EndTime "13:35:05 PST"]
[Termination "Muisback26 won by resignation"]

1. d4 Nf6 2. Nf3 g6 3. c4 Bg7 4. Nc3 O-O 5. e4 d6 6. Be2 e5 7.
O-O Na6 8. Be3 Qe7 9. Qc2 Bg4 10. dxe5 dxe5 11. Nd5 Qe8 12. a3 c6 13. Nc3 Qe7 14.
b4 Nc7 15. Bc5 Qe8 16. Bxf8 Bxf8 17. h3 Bxf3 18. Bxf3 Ne6 19. Ne2 h5 20. g3 h4 21.
Bg2 Bh6 22. Rad1 a5 23. f4 hxg3 24. f5 Nf4 25. Nxg3 axb4 26. axb4 Ra3 27. Kh2 Qa8 28. Rd6 Ra2 29. Rd8+ Kg7 30. Rxa8 Rxc2 31. Rg1 Rxc4 32. Rb1 Rc2 33. Rg1 N6h5 34. Nxh5+ Nxh5 35. h4 Bf4+ 36. Kh1 Ng3+ 37. Kh2 Nxe4+ 0-1

[Event "*** Titled Tuesday Blitz"]
[Site "Chess.com"]
[Date "2019.02.05"]
[Round "3"]
[White "MFguimaraes"]
[Black "Vuks91"]
[Result "1-0"]
[WhiteElo "2297"]
[BlackElo "2416"]
[TimeControl "180+2"]
[EndTime "13:35:05 PST"]
[Termination "MFguimaraes won by resignation"]

1. e4 c5 2. Nf3 Nc6 3. d4 cxd4 4. Nxd4 g6 5. Nc3 Bg7 6. Nb3 Nf6 7. Be2 O-O 8. O-O d6 9. Re1 a5 10. a4 Nb4 11. Bf3 Be6 12. Bg5 Qc8 13. Nd4 Bc4 14. Qd2 Re8 15. b3 Ba6 16. Rac1 Nc6 17. Nxc6 bxc6 18.
e5 dxe5 19. Rxe5 Nd5 20. Nxd5 Bxe5 21. Nxe7+ Rxe7 22. Bxe7 Qc7 23. Bg5 Bxh2+ 24. Kh1 Be5 25. Re1 Bb7 26. Qe3 f6 27. Qc5 Bd6 28. Qc4+ Kg7 29.
Bd2 Rd8 30. Bc3 Be5 31. Rxe5 fxe5 32. Qe6 Qf7 33. Qxe5+ Kf8 34. Qxa5 Re8 35. Qc5+ Qe7 36. Qd4 Qe1+ 37. Bxe1 1-0

[Event "*** Titled Tuesday Blitz"]
[Site "Chess.com"]
[Date "2019.02.05"]
[Round "3"]
[White "Blitzstream"]
[Black "Kouzari"]
[Result "0-1"]
[WhiteElo "2553"]
[BlackElo "2609"]
[TimeControl "180+2"]
[EndTime "13:35:09 PST"]
[Termination "Kouzari won by resignation"]

1. b3 d5 2. Bb2 c6 3. g3 Bf5 4. Bg2 e6 5. d3 Nf6 6. Nd2 h6 7. e3 Be7 8. Ne2 a5 9. a3 O-O 10. h3 Nbd7 11. f4 Bc5 12. Nd4 Bh7 13. N2f3 Nh5 14. Kf2 Qc7 15. Ne5 Nxg3 16. Kxg3 Nxe5 17. fxe5 Qxe5+ 18. Kf2 f5 19. Qh5 Rf6 20. Rhe1 Rg6 21. Qf3 f4 22. Kg1 Rf8 23. Rab1 Rg3 24. Ne2 Rxf3 25.
Bxe5 Rxe3 26. d4 Rxe5 27. dxc5 f3 28. Nd4 Rxe1+ 29. Rxe1 f2+ 0-1

[Event "*** Titled Tuesday Blitz"]
[Site "Chess.com"]
[Date "2019.02.05"]
[Round "3"]
[White "Gordima"]
[Black "x-6099009240"]
[Result "1-0"]
[WhiteElo "2688"]
[BlackElo "2394"]
[TimeControl "180+2"]
[EndTime "13:35:13 PST"]
[Termination "Gordima won by resignation"]

1. Nf3 d5 2. c4 e6 3. e3 Nf6 4. b3 Be7 5. Bb2 O-O 6. Nc3 c5 7. cxd5 Nxd5 8. Qc2 Nxc3 9. dxc3 Nc6 10. h4 Bf6 11. Ng5 g6 12. Ne4 Bxh4 13. Nxc5 Bf6 14.
Ne4 Bg7 15. f4 e5 16. c4 Bf5 17. g4 Nb4 18. Qh2 h6 19. gxf5 gxf5 20. Ng3 exf4 21. Bxg7 fxg3 22. Qxh6 Nc2+ 23. Ke2 f6 24. Qh7+ Kf7 25.
Bxf8+ Ke6 26. Qg8+ Ke5 27. Qxg3+ Ke6 28. Qg8+ Ke5 29.
Rd1 Qxd1+ 30. Kxd1 Nxe3+ 31. Ke2 f4 32. Bd6+ Kxd6 33. Qxa8 1-0

[Event "*** Titled Tuesday Blitz"]
[Site "Chess.com"]
[Date "2019.02.05"]
[Round "3"]
[White "Zhuu96"]
[Black "Mikhail_Golubev"]
[Result "1-0"]
[WhiteElo "2857"]
[BlackElo "2461"]
[TimeControl "180+2"]
[EndTime "13:35:14 PST"]
[Termination "Zhuu96 won by checkmate"]

1. e4 c5 2. Nf3 d6 3. d4 Nf6 4.
Nc3 cxd4 5. Nxd4 g6 6. Be3 Bg7 7. f3 a6 8. Qd2 h5 9. O-O-O Nbd7 10. Kb1 Qc7 11. Rg1 b5 12. h3 h4 13. g4 hxg3 14.
Rxg3 Bb7 15. Bd3 Rc8 16. h4 b4 17. Nce2 d5 18. Qxb4 dxe4 19. fxe4 Nxe4 20. Nf5 Bf6 21.
Bxe4 Bxe4 22. Qxe4 gxf5 23. Qxf5 e6 24. Qe4 Rxh4 25.
Rg8+ Ke7 26. Rxc8 Qxc8 27. Qd3 Qb7 28. Bc5+ Ke8 29. Ba3 Ra4 30. Rg1 Be7 31. Bxe7 Kxe7 32. Rd1 Qc6 33. Nd4 Qd5 34. b3 Ra5 35. Nf5+ Qxf5 36.
Qxd7+ Kf6 37. Qd8+ Ke5 38. Qd4# 1-0

[Event "*** Titled Tuesday Blitz"]
[Site "Chess.com"]
[Date "2019.02.05"]
[Round "3"]
[White "Redbandit87"]
[Black "alexsuper1987"]
[Result "1/2-1/2"]
[WhiteElo "2379"]
[BlackElo "2274"]
[TimeControl "180+2"]
[EndTime "13:35:15 PST"]
[Termination "Game drawn by agreement"]

1. d4 e6 2. Bf4 Nf6 3. e3 d5 4. Nd2 c5 5. c3 Nc6 6. Bd3 Bd6 7. Bxd6 Qxd6 8. f4 cxd4 9. cxd4 O-O 10. Ngf3 Bd7 11.
a3 Rfc8 12. Ne5 a6 13. O-O b5 14. b4 Ne7 15. Nb3 Nf5 16. Qd2 Ne4 17. Bxe4 dxe4 18. Nc5 Bc6 19. Nxc6 Qxc6 20. Qf2 Nd6 21. Rfe1 a5 22.
Qc2 Qd5 23. Kf2 h6 24. Reb1 Qh5 25. Kg1 Nc4 26. Qf2 axb4 27. axb4 Qd5 28. h3 Na3 29. Rb2 Nc4 30. Rbb1 Na3 31. Rc1 Nc4 32. Qe2 Rc7 33. Rxa8+ Qxa8 34. Rxc4 Qa1+ 35. Kh2 bxc4 36. Qxc4 Qe1 37.
Qb3 h5 38. b5 h4 39. b6 Qg3+ 40. Kh1 Qe1+ 41. Kh2 Qg3+ 42. Kg1 1/2-1/2

[Event "*** Titled Tuesday Blitz"]
[Site "Chess.com"]
[Date "2019.02.05"]
[Round "3"]
[White "kuli4ik"]
[Black "vpsetter"]
[Result "1-0"]
[WhiteElo "2841"]
[BlackElo "2635"]
[TimeControl "180+2"]
[EndTime "13:35:20 PST"]
[Termination "kuli4ik won by resignation"]

1. Nf3 d5 2. d4 Nf6 3. Bf4 c5 4. dxc5 e6 5. e3 Nc6 6. Be2 Bxc5 7. O-O O-O 8. c4 b6 9. Nc3 dxc4 10. Bxc4 Bb7 11.
Qe2 Qe7 12. Bg5 h6 13. Bh4 g5 14. Bg3 a6 15. Na4 Ne4 16. Nxc5 Nxg3 17. hxg3 Qxc5 18. Rac1 Qe7 19. Bd3 g4 20. Nd2 Ne5 21. Nc4 Nxd3 22. Qxd3 b5 23. Ne5 Qg5 24. Qd4 Rfd8 25. Qxg4 Qxg4 26.
Nxg4 Rd2 27. Rc7 Bd5 28. Nxh6+ Kg7 29. Nxf7 Rxb2 30. a3 Kf6 31. g4 e5 32. g5+ Ke6 33. Rd1 Bc4 34. e4 1-0